 Dungeon Crawl Stone Soup version 0.19-a0-526-gbe2e51c (webtiles) character file.

1106 tyrsky the Conjurer (level 8, -1/57 HPs)
             Began as a Black Draconian Conjurer on June 7, 2016.
             Slain by an orc warrior
             ... wielding a +0 short sword
              (14 damage)
             ... on level 6 of the Dungeon.
             The game lasted 00:26:29 (6253 turns).

tyrsky the Conjurer (Black Draconian Conjurer)      Turns: 6253, Time: 00:26:29

Health: -1/57      AC:  8    Str: 10    XL:     8   Next: 11%
Magic:  0/15       EV: 12    Int: 17    God:
Gold:   129        SH:  0    Dex: 13    Spells: 2 memorised, 12 levels left

rFire  . . .     SeeInvis .     g - +1 whip
rCold  + . .     Gourm    .     (armour unavailable)
rNeg   . . .     Faith    .     (no shield)
rPois  .         Spirit   .     (helmet restricted)
rElec  +         Dismiss  .     (no cloak)
rCorr  .         Reflect  .     e - +1 pair of gloves
SustAt .         Harm     .     (no boots)
MR     +....                    (no amulet)
Stlth  ++........               r - ring of protection from cold
                                k - ring of protection from magic

@: somewhat resistant to hostile enchantments, unstealthy
A: breathe lightning, unfitting armour, electricity resistance, cold-blooded, AC
+6
a: Breathe Lightning


You were on level 6 of the Dungeon.
You were not hungry.

You visited 1 branch of the dungeon, and saw 6 of its levels.

You collected 129 gold pieces.

Inventory:

Hand Weapons
 g - a +1 whip (weapon)
Armour
 e - a +1 pair of gloves (worn)
Jewellery
 k - a ring of protection from magic (left hand)
 l - an uncursed ring of see invisible
 r - a ring of protection from cold (right hand)
Scrolls
 m - 2 scrolls of teleportation
 n - 2 scrolls of enchant weapon
 o - 2 scrolls of remove curse {unknown}
Potions
 c - a potion of curing
 d - a potion of brilliance
 f - a potion of degeneration {unknown}
 h - 2 potions of agility {unknown}
 i - 4 potions of flight
 q - 2 potions of magic
Books
 a - a book of Conjurations

   Spells                             Type                      Level
   a - Magic Dart                     Conjuration                  1
   b - Searing Ray                    Conjuration                  2
   c - Dazzling Spray                 Conjuration/Hexes            3
   d - Fulminant Prism                Conjuration/Hexes            4
   e - Iskenderun's Mystic Blast      Conjuration                  4
   f - Iskenderun's Battlesphere      Conjuration/Charms           5
Comestibles
 b - a bread ration
 j - 3 chunks of flesh
 s - 2 beef jerkies


   Skills:
 - Level 1.7 Dodging
 - Level 1.7 Stealth
 + Level 5.2 Spellcasting
 + Level 6.3 Conjurations
 * Level 5.4 Hexes


You had 12 spell levels left.
You knew the following spells:

 Your Spells              Type           Power        Failure   Level  Hunger
a - Magic Dart            Conj           ####         1%          1    None
b - Fulminant Prism       Conj/Hex       ###.......   14%         4    ####...


Dungeon Overview and Level Annotations

Branches:
Dungeon (6/15)
 Temple: D:4-7

Altars:
Okawaru
Pakellas
Qazlal
Ru
Xom

Annotations:
D:2 Terence
D:3 Grinder


Innate Abilities, Weirdness & Mutations

You can breathe wild blasts of lightning.
Your glossy black scales are hard. (AC +6)
Your body does not fit into most forms of armour.
You are resistant to electric shocks. (rElec)
You are cold-blooded and may be slowed by cold attacks.


Message History

You don't have enough magic to cast that spell.
Casting: Magic Dart
Confirm with . or Enter, or press ? or * to list all spells.
You don't have enough magic to cast that spell.
You hit the orc warrior.
Your tail-slap misses the orc warrior.
The orc warrior is almost dead.
The orc warrior hits you with a short sword!
Casting: Magic Dart
Confirm with . or Enter, or press ? or * to list all spells.
Aiming: Magic Dart
Press: ? - help, Shift-Dir - straight line, f/p - orc warrior
Aim: an orc warrior, wielding a short sword and wearing a plate armour (almost dead)
The magic dart hits the orc warrior.
The orc warrior is almost dead.
The orc warrior hits you with a short sword!
* * * LOW HITPOINT WARNING * * *
You barely miss the orc warrior.
The orc warrior is almost dead.
The orc warrior hits you with a short sword!
You die...

####.#..#o######
#.#..#.##o..##
#.#..........#
#.#..#.##<...#
#)#.)#.##....#
#.#..#.##...[....
#.#..#.#######...
#o#..#.# ..
#d#..#.# .
#.#..#.# #.#..#.#
#.#..# #.#..#
#.#### #.# #.#
#.#


You could see an orc warrior.

Vanquished Creatures
  Menkaure (D:6)
  An ogre (D:6)
  A phantom (D:5)
  A scorpion (D:6)
  A jelly (D:5)
  A crimson imp (D:5)
  3 hounds
  3 orc priests
  3 orc wizards
  2 giant frog skeletons (D:5)
  An iguana (D:4)
  2 worker ants
  8 adders
  6 gnolls (D:5)
  An ooze (D:3)
  An adder zombie (D:5)
  An adder skeleton (D:4)
  A worm (D:2)
  A dart slug (D:1)
  A giant gecko (D:3)
  26 orcs
  A ball python (D:2)
  8 giant cockroaches
  12 hobgoblins
  9 jackals
  5 bats
  5 giant newts
  12 goblins
  A jackal skeleton (D:6)
  24 kobolds
  4 rats
147 creatures vanquished.

Vanquished Creatures (others)
  18 fulminant prisms
18 creatures vanquished.

Grand Total: 165 creatures vanquished

Notes
Turn   | Place    | Note
--------------------------------------------------------------
     0 | D:1      | tyrsky the Draconian Conjurer began the quest for the Orb.
     0 | D:1      | Reached XP level 1. HP: 14/14 MP: 3/3
   187 | D:1      | Reached XP level 2. HP: 16/20 MP: 1/5
   749 | D:2      | Reached XP level 3. HP: 26/26 MP: 0/7
  1236 | D:2      | Reached XP level 4. HP: 30/33 MP: 0/8
  1277 | D:2      | Found a stormy altar of Qazlal.
  1397 | D:2      | Found an iron altar of Okawaru.
  1397 | D:2      | Found a sacrificial altar of Ru.
  1417 | D:2      | Noticed Terence
  1662 | D:3      | Noticed Grinder
  2439 | D:3      | Learned a level 4 spell: Fulminant Prism
  2440 | D:3      | Found a shimmering altar of Xom.
  2632 | D:3      | Found an oddly glowing altar of Pakellas.
  2711 | D:3      | Reached skill level 1 in Hexes
  2863 | D:3      | Reached XP level 5. HP: 16/38 MP: 0/10
  3246 | D:3      | Reached skill level 5 in Conjurations
  3744 | D:4      | Reached XP level 6. HP: 45/45 MP: 6/12
  4472 | D:5      | Entered Level 5 of the Dungeon
  4684 | D:5      | Your scales start taking on a glossy black colour.
  4684 | D:5      | Reached XP level 7. HP: 14/50 MP: 0/13
  4684 | D:5      | Gained mutation: You are resistant to electric shocks. (rElec) [Black Draconian growth]
  5662 | D:5      | Reached skill level 6 in Conjurations
  5955 | D:6      | Reached skill level 5 in Spellcasting
  6076 | D:6      | Reached skill level 5 in Hexes
  6092 | D:6      | Noticed Menkaure
  6095 | D:6      | Killed Menkaure
  6095 | D:6      | Reached XP level 8. HP: 22/57 MP: 0/15
  6253 | D:6      | Slain by an orc warrior

Vault maps used:
D:1:      roderic_dead_forest
D:2:      minmay_kobold_bridge, lemuel_doored_altar,
          gammafunk_temple_overflow_wave, first_bread, minivault_11,
          serial_park_tiny_pond, uniq_terence
D:3:      lemuel_round_altar, lemuel_round_altar, uniq_grinder
D:4:      item_on_display_a
D:5:      corexii_shantytown
D:6:      uniq_menkaure

Skill      XL: |  1  2  3  4  5  6  7 |
---------------+----------------------+-----
Spellcasting   | 3 4 5 |  5.2
Hexes          | 1 2 3 5 |  5.4
Conjurations   | 5 6 |  6.3
Dodging        | |  1.7
Stealth        | |  1.7

Action                   |  1- 3 |  4- 6 |  7- 9 || total
-------------------------+-------+-------+-------++-------
Melee: Unarmed           |     9 |       |       ||     9
       Tailslap          |     2 |     9 |     3 ||    14
       Whip              |    27 |   105 |    45 ||   177
 Cast: Magic Dart        |    92 |   233 |    87 ||   412
       Fulminant Prism   |       |     6 |    12 ||    18
  Use: Scroll            |     3 |     6 |     1 ||    10
       Potion            |       |     3 |       ||     3
  Eat: Chunk             |     1 |     3 |     6 ||    10
       Meat ration       |       |     1 |       ||     1
       Bread ration      |       |     1 |       ||     1
       Pizza             |       |       |     1 ||     1
Armor: Skin              |    19 |    55 |    23 ||    97
Dodge: Dodged            |    38 |   138 |    60 ||   236
